 Dungeon Crawl Stone Soup version 0.31-a0-190-g4feb4907b2 (webtiles) character file.

Game seed: 855909579047093511

46 qw the Shooter (level 3, -3/20 HPs)
             Began as a Deep Elf Hunter on June 23, 2023.
             Slain by Natasha (7 damage)
             ... on level 3 of the Dungeon.
             The game lasted 00:00:25 (1206 turns).

qw the Shooter (Deep Elf Hunter)                    Turns: 1206, Time: 00:00:26

Health: -3/20      AC:  3    Str: 10    XL:     3   Next: 46%
Magic:  5/5        EV: 12    Int: 13    God:
Gold:   51         SH:  0    Dex: 18    Spells: 2/2 levels left

rFire   . . .        Y - +0 shortbow
rCold   . . .        (shield currently unavailable)
rNeg    . . .        c - +0 leather armour
rPois   .            (no helmet)
rElec   .            (no cloak)
rCorr   .            (no gloves)
SInv    .            (no boots)
Will    .....        h - amulet of regeneration
Stlth   ++           (no ring)
HPRegen 1.03/turn    (no ring)
MPRegen 0.09/turn

%: no passive effects
@: slowed, very slow
A: no striking features
a: no special abilities


You were on level 3 of the Dungeon.
You visited 1 branch of the dungeon, and saw 3 of its levels.

You collected 51 gold pieces.


   Skills:
 - Level 1.5 Fighting
 + Level 7.0 Ranged Weapons
 - Level 2.4 Dodging
 - Level 1.2 Stealth


You had 2 spell levels left.
You didn't know any spells.
Your spell library was empty.

Inventory:

Hand Weapons
 Y - a +0 shortbow (weapon)
Armour
 c - a +0 leather armour (worn)
Jewellery
 b - a ring of fire
 h - an amulet of regeneration (around neck)
Potions
 e - a potion of enlightenment {unknown}
 g - a potion of degeneration {unknown}
 i - a potion of attraction {unknown}

Dungeon Overview and Level Annotations

Branches:
Dungeon (3/15)

Altars:

Annotations:
D:3 Natasha


Message History

Done exploring.
1148 ||| DROPPING potion of ambrosia.
You drop a potion of ambrosia.
Done exploring.
(D) Dungeon
Where to? (* - list waypoints, Enter - D:2, ? - help)
What level of the Dungeon? (default 1, ? - help)
There is a stone staircase leading down here.
You climb downwards.
There is a stone staircase leading up here.
Waypoint 2 assigned to D:3.
Natasha, Servant of Life and Death comes into view.
Natasha hisses angrily.
You shoot an arrow. The arrow barely misses Natasha.
You shoot an arrow.
The arrow hits Natasha but does no damage.
You shoot an arrow.
The arrow hits Natasha but does no damage.
You shoot an arrow. The arrow barely misses Natasha.
Natasha closely misses you.
You shoot an arrow. The arrow hits Natasha!
Natasha is heavily wounded.
Natasha closely misses you.
You shoot an arrow. The arrow hits Natasha.
Natasha is severely wounded.
Natasha stares at you and mumbles some strange words.
You feel yourself slow down.
You shoot an arrow. The arrow closely misses Natasha.
Natasha casts a spell at you. The magic dart hits you. Natasha claws you!
You shoot an arrow. The arrow hits Natasha.
Natasha is severely wounded.
Natasha claws you!
You shoot an arrow. The arrow hits Natasha.
Natasha is almost dead.
Natasha stares at you and mumbles some strange words.
You feel as though you will be slow longer.
Natasha mumbles some strange words.
You shoot an arrow. The arrow completely misses Natasha.
Natasha claws you!
You die...

#.. # #..# .#
#..####.##
####....#...##
##...#..../....
.............##
#...........[.
#..@h...# ##......#
#.#5##.##
.###########.#.#...#
...........#........
#........#...#
#.##.#...## ##
#.##........#
#.####...####


You could see Natasha and a cerulean imp (summoned).

Vanquished Creatures
  An adder (D:2)
  A worm (D:2)
  5 ball pythons (D:2)
  5 bats
  2 endoplasms (D:2)
  3 giant cockroaches
  3 goblins
  5 hobgoblins
  2 quokkas (D:2)
  4 kobolds
  A rat (D:2)
32 creatures vanquished.

Notes
Turn   | Place    | Note
-------+----------+-------------------------------------------
     0 | D:1      | qw the Deep Elf Hunter began the quest for the Orb.
     0 | D:1      | Reached XP level 1. HP: 12/12 MP: 3/3
     0 | D:1      | 0 ||| qw: Version: 0.3-a-9-g12657ce
     0 | D:1      | 0 ||| qw: Game counter: 4528
     0 | D:1      | 0 ||| qw: Always use a shield: true
     0 | D:1      | 0 ||| qw: God list: Okawaru
     0 | D:1      | 0 ||| qw: Allow faded altars: false
     0 | D:1      | 0 ||| qw: Do Orc after D:15 true
     0 | D:1      | 0 ||| qw: Do second Lair branch before Depths: true
     0 | D:1      | 0 ||| qw: Lair rune preference: random
     0 | D:1      | 0 ||| qw: Plans: Normal
     0 | D:1      | 0 ||| PLANNING D:1-11
   435 | D:1      | Reached XP level 2. HP: 16/16 MP: 4/4
   565 | D:1      | 565 ||| READING scroll labelled ENEGELL OWOYTT.
   566 | D:1      | 566 ||| READING scroll labelled TITAOWOLAZ.
   567 | D:1      | 567 ||| DROPPING scroll of butterflies.
   586 | D:2      | Reached skill level 6 in Ranged Weapons
   776 | D:2      | Reached XP level 3. HP: 20/20 MP: 5/5
   818 | D:2      | Reached skill level 7 in Ranged Weapons
  1136 | D:2      | 1136 ||| UPGRADING to amulet of regeneration.
  1141 | D:2      | 1141 ||| READING scroll labelled NOTILO EXIASA.
  1142 | D:2      | 1142 ||| READING scroll labelled MUTESMU VOME.
  1143 | D:2      | 1143 ||| DRINKING 2 viscous coppery potions.
  1148 | D:2      | 1148 ||| DROPPING potion of ambrosia.
  1196 | D:3      | Noticed Natasha
  1204 | D:3      | HP: 1/20 [Natasha (7)]
  1206 | D:3      | Slain by Natasha

Levels and vault maps discovered:
D:1:      co_arrival_square_in_a_square_in_a_square, layout_loops_cross,
          minmay_crystal_water
D:2:      minmay_angry_zag, layout_rooms, hex_tiny
D:3:      layout_loops_ring, hangedman_feature_mirror, uniq_natasha

Skill      XL: |  1  2  3 |
---------------+----------+-----
Ranged Weapons | 6 7 |  7.0
Fighting       | |  1.5
Dodging        | |  2.4
Stealth        | |  1.2

Action                     || total
---------------------------++-------
   Fire: Shortbow          ||    88
    Use: Scroll            ||     4
         Potion            ||     1
 Armour: Leather armour    ||     7
  Dodge: Dodged            ||    21

Table legend:
 A = Non-vault XP
 B = Vault XP
 C = Vault XP percentage of total XP
 D = Non-vault monster count
 E = Vault monster count
 F = Vault count percentage of total count
                 A         B        C        D         E       F
            +---------+---------+-------+---------+---------+-------
      Total |      55 |      12 |  17.9 |      25 |       7 |  21.9
            +---------+---------+-------+---------+---------+-------
        D:1 |      12 |       0 |   0.0 |       7 |       0 |   0.0
        D:2 |      43 |      12 |  21.8 |      18 |       7 |  28.0
            +---------+---------+-------+---------+---------+-------
